[Event "44th Chess Olympiad Open 2022"]
[Site "Chennai"]
[Date "2022.07.31"]
[Round "3.28"]
[White "Delgado Ramirez, Neuris"]
[Black "Toczek, Grzegorz"]
[Result "1-0"]
[WhiteElo "2614"]
[BlackElo "2287"]
[Annotator "RC"]
[PlyCount "133"]
[EventDate "2022.??.??"]
[TimeControl "60"]

1. e4 e5 2. Nf3 Nc6 3. Bb5 a6 4. Ba4 Nf6 5. d3 b5 6. Bb3 Be7 7. a4 Rb8 8. Nc3 d6 9. h3 b4 10. Nd5 Na5 11. Ba2 c5 12. Nd2 O-O 13.
O-O Be6 14. Nxf6+ Bxf6 15. Nc4 Nxc4 16. Bxc4 a5 17. Be3 Rc8 18. Qf3 Qd7 19. c3 Qb7 20. Rfc1 Bxc4 21. dxc4 Be7 22. cxb4 Qxb4 23. Qe2 Rb8 24. Rc2 Ra8 25. Bd2 Qb7 26. g4 g6 27. Bh6 Rfb8 28. Ra3 Qc6 29. Qd3 Rb7 30. Bd2 Kg7 31. Qe3 Rab8 32. Bc3 h6 33. Ra1 Kh7 34. Qd3 Rf8 35. Re2 Bg5 36. Bxa5 Ra8 37. Bc3 Rxa4 38. Rxa4 Qxa4 39. Re1 Qc6 40. Rd1 Rb6 41. Kg2 Qe8 42. Ra1 Qb8 43. Kg3 Qb7 44. Qd5 Qxd5 45. cxd5 Rb7 46. Kf3 Kg7 47. Ke2 Kf8 48. Kd3 Bh4 49. f3 Bf2 50. Ra8+ Ke7 51. Rh8 Kf6 52. f4 Bd4 53. f5 Bxc3 54. bxc3 Kg5 55. Rh7 gxf5 56. gxf5 h5 57. Rh8 Kf4 58. Rh6 c4+ 59. Kxc4 Kxe4 60. Rxd6 Kxf5 61. Ra6 Ke4 62. d6 f5 63. Kc5 Kd3 64. c4 f4 65. Kd5 f3 66. Ra3+ Ke2 67. c5 1-0

[Event "44th Chess Olympiad Open 2022"]
[Site "Chennai"]
[Date "2022.07.31"]
[Round "3.28"]
[White "Blackburn, Jonathan L B"]
[Black "Cubas, Jose Fernando"]
[Result "0-1"]
[WhiteElo "2176"]
[BlackElo "2451"]
[Annotator "RC"]
[PlyCount "80"]
[EventDate "2022.??.??"]
[TimeControl "60"]

1. d4 d5 2. c4 c6 3. cxd5 cxd5 4. Nc3 Nf6 5. Bf4 Qb6 6. e3 Bd7 7. Bd3 e6 8. Nge2 Nh5 9. Be5 Nc6 10. g4 Nf6 11. Bf4 Nxg4 12. h3 Nf6 13.
Rg1 a6 14. a3 Nh5 15. Bh2 g6 16. b4 Be7 17. Na4 Qd8 18. Nc5 Bc8 19. Rc1 Bd6 20. Bxd6 Qxd6 21. f4 O-O 22. Ng3 Nxg3 23. Rxg3 b6 24. Na4 Ne7 25. h4 Bd7 26. Nc3 Nf5 27. Bxf5 exf5 28. Qb3 Rfc8 29. Kd2 Rc4 30. Nxd5 Rxc1 31. Kxc1 Rc8+ 32. Nc3 Be6 33. Qc2 a5 34. bxa5 Qxa3+ 35. Kd2 Bb3 36. Qc1 Qxc1+ 37. Kxc1 Rxc3+ 38. Kb2 Rd3 39. axb6 Bc4 40. h5 Rb3+ 0-1

[Event "44th Chess Olympiad Open 2022"]
[Site "Chennai"]
[Date "2022.07.31"]
[Round "3.28"]
[White "Zacarias, M Ruben D"]
[Black "Bullen, Alex"]
[Result "1-0"]
[WhiteElo "2175"]
[BlackElo "2106"]
[Annotator "RC"]
[PlyCount "73"]
[EventDate "2022.??.??"]
[TimeControl "60"]

1. e4 c6 2. d4 d5 3. e5 Bf5 4. h4 h5 5. Bd3 Bxd3 6. Qxd3 Qa5+ 7. Nd2 e6 8.
Ngf3 Nh6 9. O-O Nf5 10. c4 Be7 11. g3 Nd7 12. b3 O-O 13.
Bb2 Rfd8 14. a3 dxc4 15. Nxc4 Qa6 16. Qc2 Nb6 17. Ne3 Nh6 18. Ng5 Bxg5 19. hxg5 Ng4 20. Ng2 Nd5 21. Rae1 c5 22. dxc5 Ne7 23. f3 Rd3 24. fxg4 Rxg3 25. Qf2 Qd3 26. Re3 Rxe3 27. Qxe3 Qc2 28. Qf2 Qg6 29. Nh4 Qd3 30. Qxf7+ Kh8 31. Qxh5+ Kg8 32. Qf7+ Kh8 33. Qxe7 Qe3+ 34. Rf2 Qe1+ 35. Kg2 Qe4+ 36. Kg3 Qe3+ 37. Nf3 1-0

[Event "44th Chess Olympiad Open 2022"]
[Site "Chennai"]
[Date "2022.07.31"]
[Round "3.28"]
[White "Pleasants, Allan J"]
[Black "Jodorcovsky Werjivker, Paulo"]
[Result "0-1"]
[WhiteElo "2024"]
[BlackElo "2213"]
[Annotator "ChessBase"]
[PlyCount "80"]
[EventDate "2022.??.??"]
[TimeControl "60"]

1. d4 d5 2. Nf3 e6 3. g3 Nf6 4. Bg2 c5 5. O-O cxd4 6. Nxd4 e5 7. Nb3 Be6 8. c4 Nc6 9. cxd5 Bxd5 10. Nc3 Bxg2 11. Kxg2 h6 12. e4 Be7 13. Be3 O-O 14. Qe2 Qc8 15. Rfd1 Qe6 16. Nd5 Rfc8 17. f3 Nb4 18. Nxe7+ Qxe7 19. a3 Nc2 20. Rac1 Nxe3+ 21. Qxe3 b6 22. Rd3 Rxc1 23. Nxc1 Rc8 24. Rc3 Qd7 25. Rxc8+ Qxc8 26. Qd2 Nh7 27. Qc3 Qxc3 28. bxc3 Nf6 29. Nd3 Nd7 30. Nb4 Kf8 31. Nc6 a6 32. Kf2 f6 33. Ke3 Kf7 34. h4 h5 35. f4 Ke6 36. f5+ Kd6 37. Nd8 Nc5 38.
Kf3 Kd7 39. Nf7 Ke7 40. Nh8 Na4 0-1

[Event "44th Chess Olympiad Open 2022"]
[Site "Chennai"]
[Date "2022.07.31"]
[Round "3.29"]
[White "Macovei, Andrei"]
[Black "Altorky, Amer"]
[Result "0-1"]
[WhiteElo "2478"]
[BlackElo "2040"]
[Annotator "RC"]
[PlyCount "65"]
[EventDate "2022.??.??"]
[TimeControl "60"]

1. e4 e5 2. Nf3 Nc6 3. Bc4 Nf6 4. d3 Bc5 5. O-O O-O 6. c3 d6 7. a4 a5 8. Nbd2 Ba7 9. Re1 Ng4 10. Re2 Kh8 11. h3 f5 12. Nf1 Nf6 13. Be3 Bxe3 14. Rxe3 f4 15. Re1 Qe7 16. d4 Bd7 17. Qb3 Ne8 18. Rad1 g5 19. dxe5 dxe5 20. Nxg5 Nd6 21. Be6 Bxe6 22. Nxe6 Rf6 23. Nc5 Rg8 24. Rd3 b6 25. Na6 f3 26. g3 Qd7 27. g4 h5 28. Ng3 hxg4 29. h4 Qh7 30. h5 Rg5 31.
Nxc7 Rxh5 32. Nd5 Rfh6 33. Qd1 0-1

[Event "44th Chess Olympiad Open 2022"]
[Site "Chennai"]
[Date "2022.07.31"]
[Round "3.29"]
[White "Ceres, Dragos"]
[Black "Eiti, Bashir"]
[Result "1-0"]
[WhiteElo "2378"]
[BlackElo "2337"]
[Annotator "RC"]
[PlyCount "63"]
[EventDate "2022.??.??"]
[TimeControl "60"]

1. e4 d6 2. d4 Nf6 3. Nc3 Nbd7 4. Nf3 e5 5. Bc4 Be7 6. a4 c6 7. O-O Qc7 8. h3 h6 9. a5 Nf8 10. Be3 g5 11. Nd2 Ng6 12. Re1 g4 13.
hxg4 Nxg4 14. Nf1 Rg8 15. Ne2 Nh4 16. Neg3 exd4 17. Bxd4 Ne5 18. Be2 Bg5 19. Nh5 Qd7 20. Nfg3 Be7 21. Ra3 c5 22. Bc3 Kf8 23. Bd2 Nxg2 24. Bxh6+ Ke8 25. Kxg2 Qh3+ 26. Kg1 Ng4 27. Bxg4 Bxg4 28. Qd5 Bxh5 29. e5 Qe6 30. Qxb7 Rd8 31. Qc6+ Qd7 32. exd6 1-0

[Event "44th Chess Olympiad Open 2022"]
[Site "Chennai"]
[Date "2022.07.31"]
[Round "3.29"]
[White "Koniahli, Malek."]
[Black "Hamitevici, Vladimir"]
[Result "0-1"]
[WhiteElo "2238"]
[BlackElo "2473"]
[Annotator "RC"]
[PlyCount "78"]
[EventDate "2022.??.??"]
[TimeControl "60"]

1. c4 f5 2. Nc3 Nf6 3. g3 g6 4. Bg2 Bg7 5. d3 O-O 6. e4 d6 7. Nge2 c5 8. O-O Nc6 9. h3 Be6 10. b3 Qd7 11. Kh2 Bf7 12. Be3 e5 13.
Qd2 Nd4 14. Rae1 Rae8 15. Bg5 Nh5 16. exf5 gxf5 17. Nd5 Bg6 18. b4 Ne6 19. Bh4 cxb4 20. Nxb4 f4 21. Bf3 Bh6 22. g4 Ng3 23. Rg1 Nxe2 24. Qxe2 Qa4 25. Rb1 Nc5 26. Rgd1 Qa3 27. Be4 f3 28. Qc2 Bf4+ 29. Kh1 Kg7 30. Nd5 Rf7 31. Nc3 Bxe4 32. dxe4 Re6 33. Nb5 Qa6 34. g5 Rg6 35. Rd5 Qc6 36. Rg1 a6 37. Nc3 Qc8 38. Rg4 h5 39. gxh6+ Kh7 0-1

[Event "44th Chess Olympiad Open 2022"]
[Site "Chennai"]
[Date "2022.07.31"]
[Round "3.29"]
[White "Chekh Adm Khedr, Aram"]
[Black "Schitco, Ivan"]
[Result "1-0"]
[WhiteElo "2147"]
[BlackElo "2490"]
[Annotator "RC"]
[PlyCount "199"]
[EventDate "2022.??.??"]
[TimeControl "60"]

1. e4 c5 2. Nf3 a6 3. c3 d5 4. exd5 Qxd5 5. d4 Nf6 6. Be2 Bg4 7. h3 Bh5 8. O-O e6 9. c4 Qd6 10. d5 exd5 11. cxd5 Be7 12. Nc3 O-O 13. Nd2 Bxe2 14. Qxe2 Re8 15. Nc4 Qc7 16. Qf3 Bd6 17. Nxd6 Qxd6 18. Bf4 Qb6 19. g4 h6 20. h4 Nbd7 21. g5 hxg5 22. hxg5 Nh7 23. d6 Qd8 24. Qg3 Ndf8 25. Rad1 Ne6 26. g6 fxg6 27. Nd5 Nf6 28. Ne7+ Rxe7 29. dxe7 Qxe7 30. Be3 Qf7 31. Qf3 g5 32. Rd6 Re8 33. Rfd1 Qg6 34. Qxb7 Ne4 35. Qc6 Nxd6 36. Rxd6 Qh5 37. Qd5 Qg4+ 38. Kf1 Kf7 39. Rd7+ Re7 40. Rxe7+ Kxe7 41. Bxc5+ Nxc5 42. Qxc5+ Kf7 43. Qd5+ Kf6 44. b3 Qc8 45. Qf3+ Ke7 46. Qe4+ Kf6 47. Ke2 Qc7 48. Qd4+ Kf5 49. Qd3+ Kf6 50. Qxa6+ Kf5 51. Qd3+ Kf6 52. Qf3+ Ke6 53. Qe4+ Kf6 54. Kf1 Qc1+ 55. Kg2 Qd2 56. a4 Qa5 57. Qc6+ Kf7 58. Qc4+ Kf6 59. Qe4 Kf7 60. Kg3 g6 61. Qc4+ Kf6 62. Qc6+ Kg7 63. Kg2 Qb4 64. Qd5 Qg4+ 65. Kf1 Qh3+ 66. Ke2 g4 67. Qd4+ Kh7 68. Qe3 Qh5 69. Kd2 Qd5+ 70. Kc2 Qd6 71. Kb2 Qb4 72. Kc2 Kg8 73. Qe6+ Kg7 74. Qc4 Qb6 75. Kd3 Kh6 76. Ke2 Qb7 77. Qc3 Kh5 78. a5 Qe4+ 79. Kd2 Qf4+ 80. Ke1 Qe4+ 81. Kd1 Qh1+ 82. Kd2 Qd5+ 83. Kc1 Qf5 84. Qd2 Qe4 85. Kb2 Qe5+ 86. Ka3 Qc5+ 87. b4 Qc4 88. Qe3 g5 89. Qc5 Qd3+ 90. Ka4 Qe2 91. Qd4 Qf1 92. b5 Qc1 93. a6 Qc2+ 94. Kb4 Qb1+ 95. Kc5 Qf5+ 96. Kc6 Qe6+ 97. Kc7 Qf7+ 98. Kc6 Qe6+ 99. Qd6 Qf7 100. b6 1-0

[Event "44th Chess Olympiad Open 2022"]
[Site "Chennai"]
[Date "2022.07.31"]
[Round "3.30"]
[White "Meier, Georg"]
[Black "Nassr, Ali"]
[Result "1-0"]
[WhiteElo "2613"]
[BlackElo "2263"]
[Annotator "RC"]
[PlyCount "65"]
[EventDate "2022.??.??"]
[TimeControl "60"]

1. d4 d5 2. c4 e6 3. Nf3 Nf6 4. g3 Be7 5. Bg2 O-O 6. O-O c6 7. Nc3 b6 8. Ne5 Bb7 9. e4 dxe4 10. Nxe4 Nxe4 11. Bxe4 Qc7 12. Bf4 Bd6 13. Re1 Nd7 14. Nxd7 Qxd7 15. Bxd6 Qxd6 16. Qc2 g6 17. Rad1 Rfd8 18. c5 Qc7 19. Qc3 Rd7 20. a4 Qd8 21. b4 bxc5 22. Qxc5 Qb6 23. a5 Qb5 24. Bf3 a6 25. Qc3 Qg5 26. Re5 Qd8 27. Bxc6 Rc8 28. Rc5 Bxc6 29. Rxc6 Rxc6 30. Qxc6 Rd6 31. Qb7 Rxd4 32. Rxd4 Qxd4 33. b5 1-0

[Event "44th Chess Olympiad Open 2022"]
[Site "Chennai"]
[Date "2022.07.31"]
[Round "3.30"]
[White "Diaz Hollemaert, Nahuel"]
[Black "Djabri, Massinas"]
[Result "1-0"]
[WhiteElo "2425"]
[BlackElo "2206"]
[Annotator "RC"]
[PlyCount "65"]
[EventDate "2022.??.??"]
[TimeControl "60"]

1. c4 e5 2. Nc3 Nc6 3. e3 Nf6 4. Nf3 d6 5. a3 a5 6. Be2 Be7 7. O-O O-O 8. d4 Bg4 9. d5 Nb8 10. e4 Nfd7 11. Rb1 Bxf3 12. Bxf3 Nb6 13. Be2 a4 14. g3 Bg5 15. f4 Bf6 16. Be3 N8d7 17. Qc2 Re8 18.
f5 Bg5 19. Bf2 Nc5 20. h4 Bh6 21. Kg2 Nbd7 22. Rbd1 Qb8 23. Nb5 Nb3 24. Bg1 f6 25. Rf3 Ndc5 26. Bh2 Rd8 27. Bg1 Rd7 28. g4 Rd8 29. Bf1 c6 30. Nc3 Qa7 31. Kh1 Nd4 32. Rdd3 Nxf3 33. Rxf3 1-0

[Event "44th Chess Olympiad Open 2022"]
[Site "Chennai"]
[Date "2022.07.31"]
[Round "3.30"]
[White "Brahami, Lamine"]
[Black "Hoffman, Alejandro"]
[Result "1/2-1/2"]
[WhiteElo "2189"]
[BlackElo "2390"]
[Annotator "RC"]
[PlyCount "98"]
[EventDate "2022.??.??"]
[TimeControl "60"]

1. d4 d6 2. Nf3 Nf6 3. Bf4 g6 4. h3 Bg7 5. e3 O-O 6. Be2 c5 7. c3 Qb6 8. Qb3 Be6 9. Qxb6 axb6 10. a3 Nc6 11. Nbd2 cxd4 12. exd4 Nd5 13. Bh2 Nc7 14. O-O b5 15. Rfe1 Rfe8 16. Bd3 Bd5 17. Ng5 f5 18. Rad1 Na5 19. Be2 Rac8 20. Bf3 Bxf3 21. Ngxf3 Nd5 22. Re2 Bh6 23. Rde1 Kf7 24. h4 Nc4 25. Nxc4 bxc4 26. g4 fxg4 27. Ng5+ Bxg5 28. hxg5 h5 29. gxh6 Rh8 30. Bg3 Rc7 31. Kg2 Rxh6 32. Re4 Nf6 33. R4e3 Rh5 34. R3e2 Rf5 35. Rh1 g5 36. Rhe1 Rd7 37. Rh1 Rd8 38. Rhe1 Re8 39. Re6 Rb5 40. R6e2 Rb6 41. Rd1 e6 42. Rde1 d5 43. Bc7 Rc6 44. Be5 Ne4 45. Rg1 Kg6 46. Kf1 Kf5 47. Rh1 Kg6 48. Rg1 Kf5 49. Rh1 Kg6 1/2-1/2

[Event "44th Chess Olympiad Open 2022"]
[Site "Chennai"]
[Date "2022.07.31"]
[Round "3.30"]
[White "Araoun, Saadi"]
[Black "Roselli Mailhe, Bernardo"]
[Result "0-1"]
[WhiteElo "2049"]
[BlackElo "2413"]
[Annotator "RC"]
[PlyCount "54"]
[EventDate "2022.??.??"]
[TimeControl "60"]

1. d4 Nf6 2. Nf3 g6 3. Bf4 Bg7 4. e3 O-O 5. h3 c5 6. c3 d6 7. dxc5 dxc5 8. Nbd2 b6 9. Be2 Bb7 10. O-O Nc6 11. Qc2 Nd5 12. Bh2 e5 13.
Rfd1 Qe7 14. Nc4 Rad8 15. Qb3 Nc7 16. a4 Ba6 17. Bf1 h6 18.
Nfd2 Rd7 19. Be2 Qe6 20. Bf3 Rfd8 21. Qc2 Ne7 22. b3 Ncd5 23. Nb2 Nxc3 24. Qxc3 e4 25. Bg4 Bxc3 26. Bxe6 fxe6 27. Nxe4 Bxb2 0-1

[Event "44th Chess Olympiad Open 2022"]
[Site "Chennai"]
[Date "2022.07.31"]
[Round "3.31"]
[White "Docx, Stefan"]
[Black "Laohawirapap, Prin"]
[Result "1-0"]
[WhiteElo "2434"]
[BlackElo "2230"]
[Annotator "RC"]
[PlyCount "69"]
[EventDate "2022.??.??"]
[TimeControl "60"]

1. d4 Nf6 2. c4 g6 3. Nc3 Bg7 4. e4 d6 5. Be2 O-O 6. Nf3 e5 7. Be3 Ng4 8. Bg5 f6 9. Bh4 Nc6 10. d5 Ne7 11. Nd2 f5 12. Bxg4 fxg4 13. Bg5 h6 14. Be3 g5 15. c5 Ng6 16. Nc4 dxc5 17. Bxc5 Rf6 18. O-O b6 19. Be3 Bf8 20. Rc1 Bd7 21. Ne2 Qe8 22. Ng3 Nf4 23. a3 Rf7 24. Re1 h5 25.
Rc3 h4 26. Nf5 b5 27. Na5 Rxf5 28. exf5 Bxf5 29. Bxf4 gxf4 30.
Rxc7 Qd8 31. d6 Bxd6 32. Qd5+ Kh8 33. Nb7 Qxc7 34. Nxd6 Rf8 35. Qxe5+ 1-0

[Event "44th Chess Olympiad Open 2022"]
[Site "Chennai"]
[Date "2022.07.31"]
[Round "3.31"]
[White "Hovhannisyan, Mher"]
[Black "Jingjang, Shin"]
[Result "1-0"]
[WhiteElo "2420"]
[BlackElo "1956"]
[Annotator "RC"]
[PlyCount "81"]
[EventDate "2022.??.??"]
[TimeControl "60"]

1. d4 d5 2. c4 c6 3. Nf3 Nf6 4. Nc3 a6 5. a4 Bf5 6. Qb3 Ra7 7. a5 e6 8. Qb6 Qxb6 9. axb6 Ra8 10. c5 Nbd7 11. Bf4 Ne4 12. e3 Nxc3 13. bxc3 Be7 14. Ra5 Be4 15. Nd2 e5 16. Bg3 Bf5 17. Be2 O-O 18. O-O Rfe8 19. Rc1 Bf6 20. Nb3 g5 21. Ra2 Nf8 22. Na5 Bc8 23. h3 Bg7 24. Rd2 Ng6 25. c4 dxc4 26. Bxc4 exd4 27.
exd4 g4 28. Rcd1 Bh6 29. Rd3 Nf4 30. Bxf4 Bxf4 31. d5 cxd5 32. Bxd5 Rb8 33. g3 Bh6 34. hxg4 Bxg4 35. Nxb7 Bxd1 36. Rxd1 Re2 37. c6 Bf8 38. c7 Rbe8 39. Nd8 Re1+ 40. Rxe1 Rxe1+ 41. Kg2 1-0

[Event "44th Chess Olympiad Open 2022"]
[Site "Chennai"]
[Date "2022.07.31"]
[Round "3.31"]
[White "Kulpruethanon, Thanadon"]
[Black "Dardha, Daniel"]
[Result "1-0"]
[WhiteElo "2294"]
[BlackElo "2575"]
[Annotator "RC"]
[PlyCount "99"]
[EventDate "2022.??.??"]
[TimeControl "60"]

1. d4 g6 2. e4 Bg7 3. Nc3 c6 4. Be3 d5 5. e5 Qb6 6. Na4 Qc7 7. Qd2 Nd7 8. f4 b5 9. Nc3 Nb6 10. b3 Nh6 11. h3 f6 12. g4 Nf7 13. Nf3 O-O 14. Bg2 fxe5 15.
fxe5 e6 16. O-O b4 17. Ne2 Ba6 18. Rfe1 Bxe2 19. Rxe2 a5 20. Rc1 Qe7 21. c3 bxc3 22. Rxc3 Nd8 23. Bg5 Qb7 24. Qc1 Qa7 25. Bxd8 Raxd8 26. Rxc6 Rc8 27. Qc5 Qd7 28. Rxc8 Nxc8 29. Qxa5 Qc6 30. Qc5 Qa6 31. Rf2 Bh6 32. g5 Bg7 33. h4 h5 34. Bf1 Qb7 35. Bh3 Qf7 36. Qc6 Qf4 37.
Qxe6+ Kh7 38. Kg2 Qe4 39. Qa6 Ne7 40. Qe2 Qf4 41. Qd2 Qe4 42.
Qe2 Qf4 43. Qf1 Qe4 44. Re2 Qd3 45. Qf2 Nc6 46. Re3 Qb1 47.
Qd2 Ra8 48. Re2 Ne7 49. Qc2 Qa1 50. Qb2 1-0

[Event "44th Chess Olympiad Open 2022"]
[Site "Chennai"]
[Date "2022.07.31"]
[Round "3.31"]
[White "Arunnuntapanich, Tinnakrit"]
[Black "Maerevoet, Sim"]
[Result "0-1"]
[WhiteElo "2117"]
[BlackElo "2409"]
[Annotator "RC"]
[PlyCount "96"]
[EventDate "2022.??.??"]
[TimeControl "60"]

1. d4 d5 2. c4 e6 3. Nc3 c6 4. e3 Nf6 5. Nf3 Nbd7 6. a3 Bd6 7. Be2 O-O 8.
O-O dxc4 9. Bxc4 b5 10. Bd3 Bb7 11. e4 e5 12. Bg5 h6 13.
Bh4 Re8 14. Re1 a6 15. Bc2 Bc7 16. Bg3 exd4 17. Nxd4 Bxg3 18. hxg3 Ne5 19. Nf5 Qb6 20. Qe2 Rad8 21. Rad1 c5 22. Rxd8 Rxd8 23. Rd1 g6 24. Ne3 c4 25. Ned5 Bxd5 26. Nxd5 Nxd5 27. exd5 Qd6 28. Qe4 Kg7 29. Qd4 Kh7 30. Be4 Nd7 31. Qa7 Kg7 32. Bf3 Nc5 33. Re1 Kf8 34. Re2 h5 35. Kf1 Re8 36. Rxe8+ Kxe8 37. Qa8+ Ke7 38. Qa7+ Kf6 39. Qa8 Nd3 40. Be4 Kg7 41. Bxd3 cxd3 42. Qe8 Qxd5 43. Ke1 Qd4 44. Kd2 Qxb2+ 45. Kxd3 Qxa3+ 46. Kd4 Qb2+ 47. Ke3 a5 48. f4 a4 0-1

[Event "44th Chess Olympiad Open 2022"]
[Site "Chennai"]
[Date "2022.07.31"]
[Round "3.32"]
[White "Cardoso Cardoso, Jose Gabriel"]
[Black "Tagelsir, Abubaker"]
[Result "1-0"]
[WhiteElo "2493"]
[BlackElo "2232"]
[Annotator "RC"]
[PlyCount "128"]
[EventDate "2022.??.??"]
[TimeControl "60"]

1. e4 c5 2. Nf3 e6 3. d4 cxd4 4. Nxd4 Nc6 5. Nc3 Qc7 6. Be3 a6 7. Qf3 Ne5 8. Qg3 b5 9. O-O-O Bb7 10. Bxb5 axb5 11. Ndxb5 Qb8 12. Bb6 f6 13. Bc7 Qc8 14. Bxe5 fxe5 15. Nd6+ Bxd6 16. Qxg7 Qc5 17. Rd3 O-O-O 18. Qxh8 Be7 19. Qg7 Qxf2 20. Qxe5 Qxg2 21. Rhd1 Qg5+ 22. Qxg5 Bxg5+ 23. Kb1 Bc6 24. b4 Nf6 25. Rd4 Be3 26.
Rc4 Ng4 27. Nb5 Bb6 28. Nd4 Ne3 29. Nxc6 Nxc4 30. Nxd8 Bxd8 31. a4 Bg5 32. Ka2 Ne3 33. Rd3 Bf4 34. Kb3 Ng4 35. h3 Nf6 36. Rd4 Be5 37. Rc4+ Kb7 38. a5 h5 39. b5 h4 40. Ra4 Ka7 41. a6 Ne8 42. b6+ Kxb6 43. a7 Nc7 44. a8=Q Nxa8 45. Rxa8 Kc5 46. Ra4 Bg3 47. Kc3 Kd6 48. Kd3 Ke5 49. Ke3 Bf4+ 50. Kf3 Bg3 51. Ra1 d6 52. Ra4 Bh2 53. c3 Bg3 54. Ra5+ Kf6 55. c4 Be1 56. Rh5 Kg6 57. Kg4 Kf6 58. Rxh4 Bxh4 59. Kxh4 Ke5 60. Kg5 Kxe4 61. h4 d5 62. c5 d4 63. c6 d3 64. c7 Kd5 1-0

[Event "44th Chess Olympiad Open 2022"]
[Site "Chennai"]
[Date "2022.07.31"]
[Round "3.32"]
[White "Sanchez, Sebastian Felipe"]
[Black "Hamid Mohammed"]
[Result "1-0"]
[WhiteElo "2440"]
[BlackElo "2116"]
[Annotator "RC"]
[PlyCount "75"]
[EventDate "2022.??.??"]
[TimeControl "60"]

1. d4 e6 2. c4 b6 3. e4 Bb4+ 4. Bd2 Bxd2+ 5. Qxd2 Ne7 6. Nc3 d5 7. f3 Ba6 8. b3 O-O 9. Rd1 Nd7 10. Nh3 Re8 11. cxd5 Bxf1 12. dxe6 fxe6 13. Rxf1 Ng6 14. Kf2 c5 15. d5 e5 16. g3 Nf6 17. Kg2 h6 18. Nf2 Qd6 19. Rc1 Rf8 20. Nb5 Qd7 21. a4 Nh5 22. Na3 Rf7 23.
Nc4 Raf8 24. Ng4 Re8 25. Qc3 Qe7 26. Rcd1 Qg5 27. Nd6 Ref8 28. Nxf7 Rxf7 29. d6 Rd7 30. b4 cxb4 31. Qc8+ Rd8 32. Qc4+ Kh8 33. Qxb4 Nhf4+ 34. gxf4 Nxf4+ 35. Kh1 h5 36. Ne3 Nh3 37. Qd2 Kh7 38.
Qg2 1-0

[Event "44th Chess Olympiad Open 2022"]
[Site "Chennai"]
[Date "2022.07.31"]
[Round "3.32"]
[White "Abdelazeez, Mohamed Abdalla"]
[Black "Avila Pavas, Santiago"]
[Result "0-1"]
[WhiteElo "2182"]
[BlackElo "2453"]
[Annotator "ChessBase"]
[PlyCount "70"]
[EventDate "2022.??.??"]
[TimeControl "60"]

1. Nf3 d5 2. e3 Nf6 3. c4 e6 4. Nc3 b6 5. b3 Bb7 6. Bb2 Nbd7 7. Rc1 a6 8. a3 Rc8 9. cxd5 exd5 10. d4 Bd6 11. Bd3 Qe7 12. a4 O-O 13.
O-O Ne4 14. Qe2 Ra8 15. Qc2 f5 16. Ne2 Rac8 17. Rfd1 Rf6 18. Nf4 g5 19. Bxa6 Bxa6 20. Nxd5 Qe8 21. Nxf6+ Ndxf6 22. Ne5 Nd5 23. b4 Qe6 24. b5 Bb7 25. Qc4 Nef6 26. f3 Re8 27. Re1 Kf8 28. e4 fxe4 29. fxe4 Nf4 30. d5 Qc8 31. Nd3 Nxg2 32. Bxf6 Nxe1 33. Nxe1 Qg4+ 34. Ng2 Rxe4 35. Qd3 Re2 0-1

[Event "44th Chess Olympiad Open 2022"]
[Site "Chennai"]
[Date "2022.07.31"]
[Round "3.32"]
[White "Abdelhakiem Abdellatief Nogda"]
[Black "Arenas, David"]
[Result "0-1"]
[WhiteElo "1960"]
[BlackElo "2426"]
[Annotator "RC"]
[PlyCount "46"]
[EventDate "2022.??.??"]
[TimeControl "60"]

1. e4 c5 2. Nf3 d6 3. Nc3 Nc6 4. d4 cxd4 5. Nxd4 g6 6. Be3 Bg7 7. Qd2 Nf6 8. f3 O-O 9. O-O-O d5 10. Nxc6 bxc6 11. e5 Nd7 12. f4 e6 13. Na4 f6 14. Qc3 fxe5 15. Qxc6 exf4 16. Qxe6+ Kh8 17. Qxd5 fxe3 18. Qxa8 Qa5 19. Qc6 Nb6 20. Bb5 e2 21. Rd2 Bd7 22. Rxd7 e1=Q+ 23. Rd1 Qad2+ 0-1

[Event "44th Chess Olympiad Open 2022"]
[Site "Chennai"]
[Date "2022.07.31"]
[Round "3.33"]
[White "Barcenilla, Rogelio"]
[Black "Isaakidis, Alexandros"]
[Result "1-0"]
[WhiteElo "2463"]
[BlackElo "2165"]
[Annotator "RC"]
[PlyCount "67"]
[EventDate "2022.??.??"]
[TimeControl "60"]

1. c4 g6 2. Nc3 Bg7 3. g3 e5 4. Bg2 Nc6 5. e4 d6 6. d3 f5 7. Nge2 Nf6 8. O-O O-O 9. Nd5 Be6 10. Bg5 Qd7 11. Qd2 Nh5 12. f3 f4 13.
gxf4 Nd4 14. Nxd4 exd4 15. f5 gxf5 16. f4 Rae8 17. Bf3 Nf6 18.
Kh1 Kh8 19. Rae1 Ng8 20. b3 c6 21. Nb4 fxe4 22. dxe4 Bg4 23. Bg2 Bh3 24. Nd3 h6 25. Bh4 Qg4 26. Bg3 Bxg2+ 27. Qxg2 c5 28. f5 Rf6 29. h3 Qg5 30. Qh2 Bf8 31. Rg1 Qh5 32. Qg2 Re7 33.
Nf4 Qg5 34. Qf2 1-0

[Event "44th Chess Olympiad Open 2022"]
[Site "Chennai"]
[Date "2022.07.31"]
[Round "3.33"]
[White "Laylo, Darwin"]
[Black "Florentiades, Michalis"]
[Result "1-0"]
[WhiteElo "2432"]
[BlackElo "1974"]
[Annotator "RC"]
[PlyCount "79"]
[EventDate "2022.??.??"]
[TimeControl "60"]

1. c4 c6 2. Nf3 d5 3. e3 Nf6 4. Nc3 a6 5. d4 Bf5 6. Be2 e6 7. Nh4 Be4 8. f3 Bg6 9. g3 Be7 10. O-O O-O 11. Nxg6 hxg6 12. a3 dxc4 13. Bxc4 c5 14. d5 exd5 15. Nxd5 Nxd5 16. Bxd5 Qb6 17. Qa4 Nc6 18. Rb1 Rac8 19. Qc2 Rcd8 20. Ba2 Ne5 21. f4 Ng4 22. h3 Nh6 23. g4 Qd6 24. e4 Kh8 25. g5 Qd4+ 26. Kh1 Ng8 27. Bd5 Rxd5 28. exd5 Qxd5+ 29. Qg2 Qd3 30. Bd2 Bd8 31. Rbd1 Qc4 32. f5 Ne7 33. f6 Nf5 34. Bc3 Re8 35. Rfe1 Rxe1+ 36. Rxe1 Bc7 37. fxg7+ Kh7 38. g8=Q+ Kxg8 39. Re8+ Kh7 40. Rh8# 1-0

[Event "44th Chess Olympiad Open 2022"]
[Site "Chennai"]
[Date "2022.07.31"]
[Round "3.33"]
[White "Michaelides, Konstantinos"]
[Black "Paragua, Mark"]
[Result "1-0"]
[WhiteElo "2300"]
[BlackElo "2461"]
[Annotator "RC"]
[PlyCount "83"]
[EventDate "2022.??.??"]
[TimeControl "60"]

1. d4 d5 2. c4 e6 3. Nf3 Nf6 4. g3 dxc4 5. Bg2 Bd7 6. Nbd2 Bc6 7. Nxc4 Bb4+ 8. Bd2 a5 9. O-O O-O 10. Bg5 Nbd7 11. a3 Be7 12. Rc1 h6 13.
Bxf6 Nxf6 14. Qd2 a4 15. Rfd1 Bd5 16. Nfe5 c6 17. Qc2 Bxg2 18. Kxg2 Qd5+ 19. f3 Qb5 20. Rd3 c5 21. dxc5 Qxc5 22. Nd7 Nxd7 23. Rxd7 Rfc8 24. Qe4 b5 25. Ne5 Qxc1 26. Rxe7 Qc2 27. Re8+ Rxe8 28. Qxc2 Rac8 29. Qe4 Rc7 30. Qb4 Rd8 31. Nd3 Rd5 32. Kf2 g5 33. Qa5 Rc4 34. Qa8+ Kg7 35. Qb8 h5 36. h4 g4 37. f4 Re4 38. Qb7 Kg6 39. Nb4 Rdd4 40. Nc6 Rd2 41. Ne7+ Kf6 42. Qxe4 1-0

[Event "44th Chess Olympiad Open 2022"]
[Site "Chennai"]
[Date "2022.07.31"]
[Round "3.33"]
[White "Damianou, Ioannis"]
[Black "Gomez, John Paul"]
[Result "0-1"]
[WhiteElo "2153"]
[BlackElo "2451"]
[Annotator "ChessBase"]
[PlyCount "80"]
[EventDate "2022.??.??"]
[TimeControl "60"]

1. c4 c6 2. Nf3 d5 3. e3 Nf6 4. b3 Bg4 5. Bb2 Nbd7 6. Be2 e6 7. Ne5 Bxe2 8.
Qxe2 Nxe5 9. Bxe5 Bd6 10. Bxd6 Qxd6 11. d4 O-O 12. O-O e5 13. dxe5 Qxe5 14. Nd2 Rfe8 15. Nf3 Qe7 16. Rac1 Rad8 17. Rfd1 c5 18. cxd5 Nxd5 19. Qc4 Nf6 20. h3 b6 21. Ne1 Ne4 22. Nd3 Rd6 23. b4 Red8 24. bxc5 bxc5 25. Qc2 h6 26. Nf4 Rd2 27. Rxd2 Rxd2 28. Qc4 Rxf2 29. Rb1 Rd2 30. Qa4 Nc3 31. Rb8+ Kh7 32. Re8 Qd7 33. Qxd7 Rxd7 34. Rc8 Ne4 35. Kf1 Rd1+ 36. Ke2 Rd2+ 37. Kf1 Rxa2 38. Rc7 c4 39. Rxf7 c3 40. Rc7 Rd2 0-1

[Event "44th Chess Olympiad Open 2022"]
[Site "Chennai"]
[Date "2022.07.31"]
[Round "3.34"]
[White "Ferreira, Jorge Viterbo"]
[Black "Othman, A. Moussa"]
[Result "1-0"]
[WhiteElo "2499"]
[BlackElo "2229"]
[Annotator "RC"]
[PlyCount "76"]
[EventDate "2022.??.??"]
[TimeControl "60"]

1. c4 b6 2. d4 Bb7 3. Nc3 Nf6 4. d5 e6 5. a3 exd5 6. cxd5 Bc5 7. Nf3 O-O 8.
Bg5 h6 9. Bh4 Re8 10. e3 a5 11. Bc4 Ba6 12. Bxa6 Nxa6 13. O-O Be7 14. Bg3 Bf8 15. Nd4 Nc5 16. Ndb5 d6 17. b4 Nce4 18. Nxe4 Rxe4 19. Nc3 Re8 20. Rc1 axb4 21. axb4 Qd7 22. Qd3 Ra3 23. Qc4 Rea8 24. h3 Ne8 25. Nb5 R3a4 26. Kh2 Be7 27. Nd4 Bf6 28. Nc6 g6 29. e4 Ra1 30. f4 Rxc1 31. Rxc1 Bg7 32. e5 Kh7 33. e6 fxe6 34. dxe6 Qc8 35. Ne7 Qb7 36. Qd3 c5 37. Qxg6+ Kh8 38. Qf7 Qe4 1-0